 Dungeon Crawl Stone Soup version 0.14-a0-2124-ga163777 (webtiles) character file.

281 Mitsuki the Caregiver (level 5, 14/44 HPs)
             Began as a Hill Orc Healer on Jan 27, 2014.
             Was a Follower of Elyvilon.
             Quit the game on Level 4 of the Dungeon.
             The game lasted 00:16:36 (4753 turns).

Mitsuki the Caregiver (Hill Orc Healer)             Turns: 4753, Time: 00:16:36

HP  14/44        AC  3     Str 15      XL: 5   Next: 36%
MP  12/12        EV 11     Int 13      God: Elyvilon [*.....]
Gold 127         SH  0     Dex 10      Spells:  0 memorised,  4 levels left

rFire  . . .     SeeInvis .     p - +0 war axe
rCold  . . .     Clarity  .     i - +0 orc leather armour
rNeg   . . .     Conserve .     (no shield)
rPois  .         rCorr    .     (no helmet)
rElec  .         rRot     .     (no cloak)
SustAb . .       Spirit   .     (no gloves)
rMut   .         Warding  .     (no boots)
Saprov + . .     Stasis   .     (no amulet)
MR     .....                    (no ring)
                                (no ring)

@: mildly poisoned, not resistant to hostile enchantments, very unstealthy
A: saprovore 1
a: Lesser Healing, Lesser Self-Healing, Divine Protection, Renounce Religion


You were on level 4 of the Dungeon.
You worshipped Elyvilon.
Elyvilon was aware of your devotion.
You were very hungry.

You visited 1 branch of the dungeon, and saw 4 of its levels.

You collected 127 gold pieces.

Inventory:

Hand weapons
 p - a +0,+0 war axe (weapon)
Armour
 i - a +0 orcish leather armour (worn)
Comestibles
 a - a chunk of goblin flesh
 d - a meat ration
 l - 2 bread rations
Scrolls
 e - 2 scrolls of remove curse {unknown}
 g - a scroll of fear {unknown}
 k - 2 scrolls of enchant armour {unknown}
 m - 3 scrolls of teleportation {unknown}
 s - a scroll of enchant weapon II {unknown}
Jewellery
 h - an uncursed ring of wizardry
 j - an uncursed amulet of guardian spirit
Potions
 b - 4 potions of curing
 c - 2 potions of heal wounds
 f - 2 potions of flight
 o - a potion of might


   Skills:
 + Level 2.8 Fighting
 + Level 0.7 Armour
 - Level 1.5 Dodging
 + Level 6.8 Invocations


You had 4 spell levels left.
You didn't know any spells.

Dungeon Overview and Level Annotations

Branches:
Dungeon (4/16)
 Temple: D:4-7

Altars:
Trog
Zin


Innate Abilities, Weirdness & Mutations

You can tolerate rotten meat.


Message History

The adder is almost dead.
You feel sick. The adder misses you. The adder barely misses you.
You miss the adder.
The adder is almost dead.
The adder closely misses you. The adder bites you but does no damage.
You closely miss the adder.
The adder is almost dead.
The adder bites you.
You are more poisoned.
The adder poisons you! The adder bites you.
You barely miss the adder.
The adder is almost dead.
You feel sick. The adder closely misses you. The adder barely misses you.
You hit the adder.
You kill the adder!
No target in view!
Use which ability? (? or * to list)
Okay, then.
Unknown command.
Are you sure you want to abandon this character and quit the game? (Confirm with "yes".)

..<#
##..........#
...# #..........#
...# #....#.#.#.#
...# #.#....#.#.#
...# #.#<#.#.#
##.# ...#.#.#.#
#.# ###
#.#.#.####### ...
.....#...........
...#
##.$.@.######
....
+............ . #
#...........
.............
####.#........
#+#.####.. ... .
.?. ...


There were no monsters in sight!

Vanquished Creatures
  5 adders
  An inept feature mimic (D:3)
  A worm (D:2)
  3 giant geckos
  7 orcs (D:3)
  3 giant cockroaches (D:1)
  7 goblins
  6 hobgoblins
  5 jackals
  5 kobolds
  19 bats
  3 giant newts (D:2)
  2 quokkas
  10 rats
77 creatures vanquished.

Vanquished Creatures (others)
  An orc (D:3)
  A goblin (D:3)
2 creatures vanquished.

Grand Total: 79 creatures vanquished

Notes
Turn   | Place    | Note
--------------------------------------------------------------
     0 | D:1      | Mitsuki, the Hill Orc Healer, began the quest for the Orb.
     0 | D:1      | Reached XP level 1. HP: 16/16 MP: 2/2
   332 | D:1      | Reached skill level 4 in Invocations
   611 | D:1      | Reached XP level 2. HP: 23/23 MP: 4/4
  1639 | D:1      | Reached skill level 5 in Invocations
  1639 | D:1      | Reached XP level 3. HP: 21/28 MP: 6/6
  2903 | D:2      | Reached XP level 4. HP: 34/36 MP: 8/8
  2954 | D:2      | Noticed a moth of wrath
  2955 | D:2      | Found a bloodstained altar of Trog.
  3151 | D:2      | Reached skill level 6 in Invocations
  3746 | D:3      | Reached XP level 5. HP: 26/42 MP: 12/12
  4354 | D:3      | Found a glowing silver altar of Zin.
  4497 | D:3      | Noticed an angel
  4753 | D:4      | Quit the game

Action                   |  1- 3 |  4- 6 || total
-------------------------+-------+-------++-------
Melee: Club              |   223 |       ||   223
       Unarmed           |     3 |       ||     3
       Flail             |       |   153 ||   153
       War axe           |       |    46 ||    46
Invok: Lesser Self-Heali |    10 |     5 ||    15
       Purification      |     1 |       ||     1
       Lesser Healing    |     3 |     3 ||     6
  Use: Potion            |     1 |     3 ||     4
       Scroll            |     1 |     1 ||     2
